 Dungeon Crawl Stone Soup version 0.30.1 (webtiles) character file.

Game seed: 1871029117138035473

2640 wingedge the Caller (level 9, -6/74 HPs)
             Began as a Demigod Wanderer on July 7, 2023.
             Mangled by an orc warrior
             ... wielding a +0 war axe
              (16 damage)
             ... on level 7 of the Dungeon.
             The game lasted 00:25:54 (7170 turns).

wingedge the Caller (Demigod Wanderer)              Turns: 7170, Time: 00:25:55

Health: -6/74      AC:  7    Str: 15    XL:     9   Next: 13%
Magic:  4/17       EV: 12    Int: 24    God:
Gold:   385        SH:  6    Dex: 13    Spells: 7/14 levels left

rFire   . . .        a - +1 short sword (elec)
rCold   . . .        d - +2 buckler
rNeg    . . .        M - +0 robe
rPois   .            (no helmet)
rElec   .            (no cloak)
rCorr   .            (no gloves)
SInv    .            N - +0 pair of boots
Will    +....        (no amulet)
Stlth   +            r - ring of willpower
HPRegen 0.32/turn    t - +4 ring of protection
MPRegen 0.15/turn

%: no passive effects
@: no status effects
A: high MP 1, forlorn, divine attributes
a: no special abilities


You were on level 7 of the Dungeon.
You visited 1 branch of the dungeon, and saw 7 of its levels.
You also visited: Sewer.

You collected 385 gold pieces.

Inventory:

Hand Weapons
 a - a +1 short sword of electrocution (weapon)
 b - a +1 shortbow of flaming
 p - a +4 short sword
Missiles
 o - 41 poisoned darts
 L - 5 atropa-tipped darts
Armour
 d - a +2 buckler (worn)
 G - an orb of guile
 I - a +0 ring mail
 J - a +0 leather armour
 M - a +0 robe (worn)
 N - a +0 pair of boots (worn)
Magical Staves
 y - a staff of conjuration
Jewellery
 i - a +5 ring of evasion
 r - a ring of willpower (left hand)
 t - a +4 ring of protection (right hand)
Wands
 x - a wand of digging (7)
 A - a wand of roots (17)
 B - a wand of charming (16) (quivered)
Scrolls
 j - 2 scrolls of amnesia
 k - 3 scrolls of fear
 l - a scroll of poison {unknown}
 v - 2 scrolls of fog {unknown}
 z - 3 scrolls of teleportation {unknown}
 D - a scroll of acquirement {unknown}
 E - 3 scrolls of blinking
 F - a scroll of silence {unknown}
 H - a scroll of enchant armour {unknown}
 P - a scroll of enchant weapon {unknown}
Potions
 c - 2 potions of lignification
 e - 2 potions of haste {unknown}
 f - a potion of brilliance {unknown}
 g - 5 potions of might
 h - a potion of flight {unknown}
 m - 9 potions of curing
 n - a potion of invisibility {unknown}
 q - 3 potions of mutation {unknown}
 s - 2 potions of degeneration {unknown}
 u - 2 potions of heal wounds {unknown}
 w - 4 potions of attraction {unknown}
 C - a potion of berserk rage {unknown}
 K - a potion of magic {unknown}
 O - a potion of ambrosia {unknown}


   Skills:
 + Level 5.1 Fighting
 - Level 3.0 Armour
 + Level 3.2 Dodging
 - Level 3.0 Shields
 + Level 3.1 Spellcasting
 - Level 6.0 Hexes
 - Level 6.0 Summonings
 + Level 3.6 Ice Magic


You had 7 spell levels left.
You knew the following spells:

 Your Spells              Type           Power      Damage    Failure   Level
a - Summon Small Mammal   Summ           100%       N/A       1%          1
b - Summon Guardian Gole  Hex/Summ       32%        N/A       3%          3
c - Ozocubu's Armour      Ice            21%        N/A       10%         3

Your spell library contained the following spells:

 Spells                   Type           Power      Damage    Failure   Level
 Ensorcelled Hibernation  Hex/Ice        52%        N/A       3%          2
 Passwall                 Tmut/Erth      2%         N/A       22%         2
 Swiftness                Air            3%         N/A       38%         3
 Metabolic Englaciation   Hex/Ice        13%        N/A       47%         5
 Simulacrum               Ice/Necr       6%         N/A       100%        6
 Orb of Destruction       Conj           1%         9d5       100%        7
 Spellforged Servitor     Conj/Summ      9%         N/A       100%        7


Dungeon Overview and Level Annotations

Branches:
Dungeon (7/15)             Temple (0/1) D:4           Sewer (visited)

Shops:
D:4 (

Annotations:
D:7 Maggie


Innate Abilities, Weirdness & Mutations

You have an increased reservoir of magic. (+10% MP)
You shall have no god before yourself.
Your divine heritage dramatically boosts your attributes as you level up.


Message History

Confirm with . or Enter, or press ? or * to list all spells.
A guardian golem appears, shielding your allies.
Your guardian golem disappears in a puff of smoke!
You block the orc warrior's attack.
The orc warrior attacks as you move away!
The orc warrior hits you with a +0 war axe!
* * * LOW HITPOINT WARNING * * *
Aiming: Charm
Press: ? - help, Q - select action, (/) - cycle Shift-Dir - straight line, f - orc warrior
Aim: an orc warrior, wielding a +0 war axe and wearing a +0 plate armour (heavily wounded, ally target, chance to affect: 49%)
The orc warrior resists with some effort.
The orc warrior hits you with a +0 war axe.
* * * LOW HITPOINT WARNING * * *
The orc warrior hits your guardian golem with a +0 war axe!
Aiming: Charm
Press: ? - help, Q - select action, (/) - cycle Shift-Dir - straight line, f/p - orc warrior
Aim: an orc warrior, wielding a +0 war axe and wearing a +0 plate armour (heavily wounded, ally target, chance to affect: 49%)
The orc warrior resists with some effort.
The orc warrior barely misses you.
The orc warrior hits your guardian golem with a +0 war axe.
Aiming: Charm
Press: ? - help, Q - select action, (/) - cycle Shift-Dir - straight line, f/p - orc warrior
Aim: an orc warrior, wielding a +0 war axe and wearing a +0 plate armour (heavily wounded, ally target, chance to affect: 49%)
The orc warrior resists with some effort.
The orc warrior hits you with a +0 war axe!
* * * LOW HITPOINT WARNING * * *
The orc warrior hits your guardian golem with a +0 war axe!
Aiming: Charm
Press: ? - help, Q - select action, (/) - cycle Shift-Dir - straight line, f/p - orc warrior
Aim: an orc warrior, wielding a +0 war axe and wearing a +0 plate armour (heavily wounded, ally target, chance to affect: 49%)
The orc warrior resists with some effort.
The orc warrior closely misses you.
The orc warrior hits your guardian golem with a +0 war axe!
Your guardian golem overheats!
Aiming: Charm
Press: ? - help, Q - select action, (/) - cycle Shift-Dir - straight line, f/p - orc warrior
Aim: an orc warrior, wielding a +0 war axe and wearing a +0 plate armour (heavily wounded, ally target, chance to affect: 49%)
The orc warrior resists with some effort.
The orc warrior hits you with a +0 war axe!
You die...

#######....
....##.########
###..#>....
..@#.........
.....##....
##.........
.######8...
#......... ## #8#
#..)...... # ####
#.######## # #.#
##.# .
###.####o9# ##
#......@.##
########.#.######
##............#
##..#######....#
...##### #....#
.......######..#
.#####.#⌠...#..#
## #.##...#..#
#...._.#..#


You could see an orc warrior (ally target) and a friendly guardian golem
(summoned, inner flame).

Vanquished Creatures
  A nameless horror (D:5)
  An ice beast (D:5)
  2 ogres
  3 kobold brigands
  6 scorpions
  3 orc priests
  3 hounds
  2 jellies
  4 iguanas
  An orc wizard (D:5)
  2 adders
  2 river rats (Sewer)
  A white imp (D:6)
  An ufetubus (D:4)
  4 worms
  2 dart slugs (D:1)
  10 orcs
  4 endoplasms
  6 giant cockroaches
  5 goblins
  4 hobgoblins
  6 quokkas
  7 ball pythons
  A bat (D:2)
  2 frilled lizards (D:1)
  10 kobolds
  3 rats
96 creatures vanquished.

Vanquished Creatures (collateral kills)
  A water moccasin (D:7)
  A phantom (D:5)
  A hound (D:5)
  An orc priest (D:7)
  2 orc wizards
  3 adders
  A worm (D:2)
  A dart slug (D:5)
  4 orcs
  3 ball pythons
  A bat (D:1)
  5 endoplasms
  3 goblins
  3 hobgoblins
  3 quokkas
  A frilled lizard (D:1)
  7 kobolds
  4 rats
45 creatures vanquished.

Vanquished Creatures (others)
  6 yaks (D:6)
  A centaur (D:5)
7 creatures vanquished.

Grand Total: 148 creatures vanquished

Notes
Turn   | Place    | Note
-------+----------+-------------------------------------------
     0 | D:1      | wingedge the Demigod Wanderer began the quest for the Orb.
     0 | D:1      | wingedge set off with the following items: a +0 club, a +0
                  | ring mail, a potion of lignification, a +2 buckler; and the
                  | following spell memorised: Summon Small Mammal; and the
                  | following spells available to memorise: Summon Guardian
                  | Golem.
     0 | D:1      | Reached XP level 1. HP: 14/14 MP: 4/4
   241 | D:1      | Reached XP level 2. HP: 20/20 MP: 2/5
  1136 | D:2      | Reached XP level 3. HP: 23/26 MP: 4/6
  1818 | D:2      | Reached skill level 1 in Fighting
  2053 | D:3      | Reached XP level 4. HP: 33/35 MP: 5/8
  3030 | D:4      | Found a glowing drain.
  3087 | Sewer    | Entered a sewer
  3228 | Sewer    | Noticed a kobold brigand
  3249 | Sewer    | Killed a kobold brigand
  3250 | Sewer    | Reached skill level 1 in Hexes
  3250 | Sewer    | Reached XP level 5. HP: 42/42 MP: 6/9
  3781 | D:4      | Reached XP level 6. HP: 32/50 MP: 9/11
  3859 | D:4      | Found Elaegus's Antique Weapon Shoppe.
  3940 | D:4      | Found a staircase to the Ecumenical Temple.
  4296 | D:5      | Entered Level 5 of the Dungeon
  4450 | D:5      | Reached skill level 5 in Summonings
  4456 | D:5      | Reached XP level 7. HP: 57/57 MP: 11/14
  4460 | D:5      | Learned a level 3 spell: Summon Guardian Golem
  4507 | D:5      | Noticed a nameless horror
  4512 | D:5      | Killed a nameless horror
  5028 | D:5      | Reached skill level 5 in Hexes
  5448 | D:5      | Reached XP level 8. HP: 23/63 MP: 11/15
  6414 | D:6      | Reached skill level 1 in Dodging
  6414 | D:6      | Reached skill level 1 in Ice Magic
  6626 | D:6      | Reached skill level 5 in Fighting
  6626 | D:6      | Reached XP level 9. HP: 74/74 MP: 9/16
  6706 | D:6      | Learned a level 3 spell: Ozocubu's Armour
  7142 | D:7      | Noticed Maggie
  7170 | D:7      | Mangled by an orc warrior

Illustrated notes

Levels and vault maps discovered:
D:1:      lightli_arrival_chessboard, layout_loops_ring, minmay_pentomino_x2
D:2:      layout_basic, chequers_serial_rivers_marsh
D:3:      layout_basic
D:4:      layout_rooms, mainiacjoe_overflow_catwalk,
          mainiacjoe_overflow_small_starburst, temple_hall, serial_shops, shop,
          gup_sewer_entry_pipe
D:5:      layout_gridville, amcnicky_altar_gilded, mainiacjoe_overflow_chevrons,
          nicolae_nh_ransacked_shop
D:6:      layout_basic, glass_columns_a, nicolae_zen_rock_garden
D:7:      layout_rooms, fedhas_ov_isle_minmay, nicolae_overflow_hidden_temple,
          mainiacjoe_overflow_alcove_2, uniq_maggie

Skill      XL: |  1  2  3  4  5  6  7  8 |
---------------+-------------------------+-----
Summonings     | 3 4 5 6 |  6.0
Armour         | 3 |  3.0
Shields        | 3 |  3.0
Fighting       | 1 2 3 5 |  5.1
Hexes          | 1 2 5 6 |  6.0
Spellcasting   | 2 3 |  3.1
Dodging        | 3 |  3.2
Ice Magic      | 3 |  3.6

Action                     |  1- 3 |  4- 6 |  7- 9 || total
---------------------------+-------+-------+-------++-------
  Melee: Club              |    18 |       |       ||    18
         Short sword       |   160 |   173 |   215 ||   548
   Cast: Summon Small Mamm |    49 |    72 |    59 ||   180
         Summon Guardian G |       |       |    11 ||    11
         Ozocubu's Armour  |       |       |     3 ||     3
  Evoke: Wand              |       |       |     5 ||     5
    Use: Scroll            |       |     4 |     2 ||     6
   Stab: Distracted        |     2 |     1 |     3 ||     6
 Armour: Ring mail         |    38 |    53 |    24 ||   115
         Robe              |       |       |    36 ||    36
  Dodge: Dodged            |    98 |   122 |   129 ||   349
  Block: Buckler           |    47 |    63 |    62 ||   172
